General information
- name: BNet
- type: Ladder team game (AT/RT)
- host: Battle.net
- saver: 9235895289296
map: FullScaleAssault
- players: 8
- length: 42:45
- speed: Fast
- version: 1.26 W3XP
- replay type: Public
» download(179 KB)
Players
team 1 (loser)
maxinvasion (
orange | 40 APM | 168 actions | 04:10)
1 Warden
1 Fan of Knives
» actions
| Basic commands | 1 | |
| Build / train | 25 | |
| Enter build submenu | 5 | |
| Enter hero's abilities submenu | 1 | |
| Right click | 48 | |
| Select / deselect | 76 | |
| Use ability | 12 | |
168 total
» units
» buildings
| Moon Well | 3 | |
| Ancient of War | 1 | |
| Altar of Elders | 1 | |
5 total
» build order
00:21 Moon Well
00:35 Ancient of War
00:49 Altar of Elders
01:17 Moon Well
03:48 Moon Well

»
wc4 (
blue | 0 APM | 0 actions | 42:45)
9235895289296 (
pink | 87 APM | 3723 actions | 42:45)
7 Blademaster
3 Wind Walk
3 Critical Strike
1 Bladestorm
» actions
| Assign group hotkey | 118 | |
| Basic commands | 200 | |
| Build / train | 118 | |
| Enter build submenu | 70 | |
| Enter hero's abilities submenu | 7 | |
| Give item / drop item | 13 | |
| Right click | 1393 | |
| Select / deselect | 393 | |
| Select group hotkey | 1157 | |
| Use ability | 254 | |
3723 total
» units
| Peon | 21 | |
| Grunt | 5 | |
| Goblin Zeppelin | 6 | |
| Goblin Shredder | 1 | |
| Wind Rider | 10 | |
| Goblin Sapper | 3 | |
46 total
» upgrades
| Melee Weapons | 3 | |
| Pillage | 1 | |
| Berserker Strength | 1 | |
| Spiked Barricades | 3 | |
| Reinforced Defenses | 1 | |
| Envenomed Spears | 1 | |
| Ranged Weapons | 3 | |
| Ensnare | 1 | |
| Armor | 3 | |
| Backpack | 1 | |
18 total
» buildings
| Orc Burrow | 8 | |
| Altar of Storms | 1 | |
| Barracks | 1 | |
| Voodoo Lounge | 1 | |
| War Mill | 5 | |
| Stronghold | 3 | |
| Watch Tower | 36 | |
| Great Hall | 5 | |
| Fortress | 3 | |
| Beastiary | 6 | |
69 total
» build order
00:16 Orc Burrow
00:53 Altar of Storms
01:11 Orc Burrow
01:24 Barracks
01:53 Voodoo Lounge
02:51 War Mill
03:35 Orc Burrow
04:49 Stronghold
04:49 Stronghold
05:10 Watch Tower
06:26 Watch Tower
06:28 Watch Tower
07:22 Great Hall
07:32 Watch Tower
07:52 Watch Tower
07:54 Watch Tower
08:03 Watch Tower
08:05 Watch Tower
08:15 Watch Tower
09:00 Fortress
09:00 Fortress
10:33 Watch Tower
10:34 Watch Tower
10:41 Watch Tower
11:02 Orc Burrow
11:07 Orc Burrow
11:52 Beastiary
12:01 Beastiary
18:28 Great Hall
18:58 Beastiary
18:59 Beastiary
19:27 Beastiary
19:28 Beastiary
19:41 Watch Tower
20:12 Orc Burrow
20:15 Watch Tower
20:20 Watch Tower
20:46 Watch Tower
20:53 Watch Tower
21:35 Orc Burrow
21:42 Orc Burrow
21:52 Great Hall
22:53 Watch Tower
22:55 Watch Tower
24:51 Watch Tower
24:53 Watch Tower
27:54 Watch Tower
28:45 Great Hall
28:51 Great Hall
29:02 Watch Tower
29:06 Watch Tower
30:52 Watch Tower
30:53 Watch Tower
30:54 Watch Tower
30:55 Watch Tower
31:10 War Mill
31:16 War Mill
32:17 War Mill
32:19 War Mill
32:35 Watch Tower
32:36 Watch Tower
32:37 Watch Tower
32:39 Watch Tower
34:14 Watch Tower
34:14 Watch Tower
34:15 Watch Tower
34:17 Watch Tower
» items
| Healing Salve | 5 | |
| Lesser Clarity Potion | 4 | |
| Boots of Speed | 1 | |
| Scroll of Town Portal | 2 | |
| Orb of Lightning | 1 | |
| Tiny Great Hall | 1 | |
| Potion of Lesser Invulnerability | 1 | |
| Orb of Corruption | 2 | |
| Potion of Healing | 1 | |
18 total
Warriar (
teal | 25 APM | 1071 actions | 42:45)
3 Death Knight
1 Death Coil
2 Unholy Aura
3 Dreadlord
2 Vampiric Aura
1 Sleep
2 Lich
1 Frost Nova
1 Frost Armor
2 Warden
1 Blink
1 Fan of Knives
» actions
| Assign group hotkey | 23 | |
| Basic commands | 112 | |
| Build / train | 74 | |
| Enter build submenu | 25 | |
| Enter hero's abilities submenu | 10 | |
| Give item / drop item | 3 | |
| Remove unit from queue | 2 | |
| Right click | 176 | |
| Select / deselect | 254 | |
| Select group hotkey | 331 | |
| Use ability | 61 | |
1071 total
» units
| Acolyte | 15 | |
| Ghoul | 11 | |
| Frost Wyrm | 3 | |
| Gargoyle | 7 | |
36 total
» upgrades
| Ghoul Frenzy | 1 | |
| Creature Carapace | 3 | |
| Creature Attack | 3 | |
| Freezing Breath | 1 | |
8 total
» buildings
| Ziggurat | 12 | |
| Altar of Darkness | 2 | |
| Crypt | 1 | |
| Nerubian Tower | 3 | |
| Halls of the Dead | 1 | |
| Necropolis | 1 | |
| Graveyard | 1 | |
| Sacrificial Pit | 1 | |
| Black Citadel | 1 | |
| Spirit Tower | 4 | |
| Tomb of Relics | 1 | |
| Boneyard | 2 | |
30 total
» build order
00:09 Ziggurat
00:12 Altar of Darkness
00:40 Crypt
01:07 Ziggurat
01:56 Ziggurat
02:36 Nerubian Tower
03:37 Nerubian Tower
05:00 Halls of the Dead
05:32 Necropolis
05:43 Graveyard
06:29 Ziggurat
06:30 Ziggurat
06:33 Ziggurat
07:22 Sacrificial Pit
07:23 Black Citadel
07:35 Spirit Tower
07:52 Spirit Tower
07:57 Spirit Tower
08:34 Tomb of Relics
08:51 Ziggurat
10:05 Boneyard
10:07 Boneyard
10:25 Ziggurat
10:38 Nerubian Tower
15:10 Spirit Tower
23:32 Ziggurat
24:15 Ziggurat
24:17 Ziggurat
39:52 Ziggurat
39:53 Altar of Darkness
» items
| Orb of Corruption | 2 | |
| Orb of Lightning | 2 | |
| Scroll of Speed | 1 | |
| Healing Salve | 1 | |
6 total
team 2 (winner)

»
Sage714 (
red | 23 APM | 996 actions | 42:45)
4 Archmage
1 Blizzard
1 Brilliance Aura
2 Summon Water Elemental
2 Mountain King
1 Storm Bolt
1 Bash
» actions
| Assign group hotkey | 24 | |
| Basic commands | 162 | |
| Build / train | 79 | |
| Enter build submenu | 17 | |
| Enter hero's abilities submenu | 6 | |
| Give item / drop item | 2 | |
| Remove unit from queue | 1 | |
| Right click | 150 | |
| Select / deselect | 206 | |
| Select group hotkey | 304 | |
| Use ability | 45 | |
996 total
» units
| Peasant | 24 | |
| Footman | 9 | |
| Rifleman | 8 | |
| Mortar Team | 2 | |
| Siege Engine | 3 | |
46 total
» upgrades
| Gunpowder | 1 | |
| Long Rifles | 1 | |
| Barrage | 1 | |
| Fragmentation Shards | 1 | |
| Lumber Harvesting | 2 | |
6 total
» buildings
| Altar of Kings | 1 | |
| Farm | 8 | |
| Lumber Mill | 1 | |
| Barracks | 1 | |
| Arcane Vault | 1 | |
| Blacksmith | 1 | |
| Keep | 2 | |
| Workshop | 2 | |
| Castle | 2 | |
| Town Hall | 1 | |
20 total
» build order
00:37 Altar of Kings
00:58 Farm
01:31 Lumber Mill
01:51 Barracks
01:54 Farm
02:00 Arcane Vault
02:31 Blacksmith
02:38 Farm
02:57 Farm
03:10 Farm
04:13 Farm
04:47 Keep
04:47 Keep
06:43 Farm
06:47 Farm
07:15 Workshop
07:19 Workshop
07:49 Castle
07:49 Castle
13:00 Town Hall
» items
| Healing Salve | 2 | |
| Lesser Clarity Potion | 1 | |
| Scroll of Regeneration | 2 | |
| Scroll of Town Portal | 1 | |
| Potion of Lesser Invulnerability | 1 | |
7 total
yuieriuyeriueru (
green | 11 APM | 473 actions | 42:45)
3 Archmage
1 Blizzard
2 Brilliance Aura
» actions
| Assign group hotkey | 6 | |
| Basic commands | 8 | |
| Build / train | 30 | |
| Enter build submenu | 4 | |
| Enter hero's abilities submenu | 3 | |
| Right click | 359 | |
| Select / deselect | 33 | |
| Select group hotkey | 5 | |
| Use ability | 25 | |
473 total
» units
» upgrades
» buildings
| Altar of Kings | 1 | |
| Farm | 1 | |
| Lumber Mill | 1 | |
3 total
» build order
00:47 Altar of Kings
00:49 Farm
01:48 Lumber Mill
» items
| Periapt of Vitality | 3 | |
| Staff of Teleportation | 1 | |
| Potion of Lesser Invulnerability | 3 | |
7 total
RTSTUPIDTEAM (
purple | 63 APM | 2709 actions | 42:45)
7 Archmage
1 Blizzard
3 Summon Water Elemental
2 Brilliance Aura
1 Mass Teleport
» actions
| Assign group hotkey | 79 | |
| Basic commands | 209 | |
| Build / train | 84 | |
| Enter build submenu | 38 | |
| Enter hero's abilities submenu | 7 | |
| Give item / drop item | 9 | |
| Remove unit from queue | 6 | |
| Right click | 854 | |
| Select / deselect | 358 | |
| Select group hotkey | 960 | |
| Use ability | 105 | |
2709 total
» units
| Peasant | 9 | |
| Goblin Shredder | 2 | |
| Gryphon Rider | 17 | |
| Dragonhawk Rider | 5 | |
| Goblin Zeppelin | 1 | |
| Blue Dragon | 1 | |
35 total
» upgrades
| Lumber Harvesting | 1 | |
| Masonry | 3 | |
| Storm Hammers | 1 | |
| Swords | 3 | |
| Armor | 3 | |
| Cloud | 1 | |
| Animal War Training | 1 | |
| Gunpowder | 3 | |
| Plating | 3 | |
19 total
» buildings
| Altar of Kings | 1 | |
| Farm | 12 | |
| Keep | 1 | |
| Lumber Mill | 1 | |
| Scout Tower | 7 | |
| Castle | 1 | |
| Guard Tower | 2 | |
| Arcane Vault | 1 | |
| Gryphon Aviary | 8 | |
| Blacksmith | 2 | |
| Town Hall | 3 | |
| Barracks | 1 | |
40 total
» build order
00:42 Altar of Kings
01:11 Farm
04:42 Keep
06:12 Lumber Mill
06:22 Farm
06:23 Farm
06:59 Scout Tower
07:00 Scout Tower
07:04 Scout Tower
07:05 Scout Tower
07:14 Castle
07:21 Scout Tower
07:32 Guard Tower
07:43 Guard Tower
08:26 Guard Tower
08:53 Arcane Vault
09:26 Gryphon Aviary
09:28 Gryphon Aviary
09:30 Gryphon Aviary
10:08 Farm
10:08 Farm
10:41 Blacksmith
10:44 Blacksmith
11:44 Town Hall
16:57 Barracks
20:35 Gryphon Aviary
20:36 Gryphon Aviary
20:40 Gryphon Aviary
20:43 Gryphon Aviary
21:39 Farm
21:39 Farm
21:40 Gryphon Aviary
21:42 Farm
21:43 Farm
21:46 Farm
24:40 Town Hall
25:24 Town Hall
» items
| Healing Salve | 2 | |
| Scroll of Town Portal | 1 | |
| Tome of Retraining | 1 | |
| Scroll of Regeneration | 1 | |
| Mechanical Critter | 2 | |
| Periapt of Vitality | 2 | |
| Staff of Teleportation | 1 | |
| Potion of Lesser Invulnerability | 1 | |
11 total
yoloatme (
yellow | 24 APM | 870 actions | 36:35)
6 Blademaster
2 Wind Walk
3 Critical Strike
1 Bladestorm
» actions
| Basic commands | 6 | |
| Build / train | 41 | |
| Enter build submenu | 19 | |
| Enter hero's abilities submenu | 6 | |
| Give item / drop item | 2 | |
| Remove unit from queue | 1 | |
| Right click | 525 | |
| Select / deselect | 205 | |
| Use ability | 63 | |
870 total
» units
» upgrades
| Pillage | 1 | |
| Berserker Strength | 1 | |
| Envenomed Spears | 1 | |
3 total
» buildings
| Altar of Storms | 1 | |
| Orc Burrow | 12 | |
| Barracks | 1 | |
| Voodoo Lounge | 2 | |
| Stronghold | 1 | |
| War Mill | 1 | |
| Fortress | 1 | |
| Beastiary | 4 | |
23 total
» build order
00:08 Altar of Storms
00:23 Orc Burrow
01:09 Barracks
01:35 Voodoo Lounge
01:48 Orc Burrow
03:08 Voodoo Lounge
04:57 Stronghold
05:05 Orc Burrow
06:15 War Mill
07:18 Fortress
07:35 Beastiary
07:38 Beastiary
10:03 Orc Burrow
10:08 Orc Burrow
10:13 Beastiary
10:16 Beastiary
12:43 Orc Burrow
15:21 Orc Burrow
15:23 Orc Burrow
15:25 Orc Burrow
15:28 Orc Burrow
20:31 Orc Burrow
21:52 Orc Burrow
» items
| Scroll of Town Portal | 1 | |
| Scroll of Speed | 1 | |
| Potion of Healing | 1 | |
| Orb of Lightning | 1 | |
| Healing Salve | 1 | |
| Tiny Great Hall | 1 | |
6 total
Chat log
(00:09 / All) 9235895289296: nice loadhack
(00:09 / All) Sage714: LOL WOW
(00:15 / All) yoloatme: y lol
(00:16 / All) maxinvasion: all that time and he didnt get freaking kicked??
(00:57 / Allies) Warriar: guess u got a free epxo oj
(01:01 / Allies) maxinvasion: ya
(01:14 / Allies) maxinvasion: ima give him like 3 min
(01:19 / Allies) Warriar: why
(01:28 / Allies) 9235895289296: loadhacker took forever
(01:30 / Allies) Warriar: he was lvl 3 prolly bser
(01:32 / Allies) maxinvasion: i dont have the wood anyways
(01:38 / Allies) 9235895289296: so he probably went afk
(02:25 / Allies) Warriar: leav ehis shit
(02:30 / Allies) Warriar: noither center to tp on
(02:47 / Allies) maxinvasion: crap
(02:54 / Allies) maxinvasion: he saw
(02:56 / Allies) 9235895289296: green has maphack
(02:59 / Allies) Warriar: thye hackin
(03:03 / Allies) 9235895289296: and probably drophack and laghack too
(03:05 / All) maxinvasion: nice map hack green
(03:20 / All) Sage714: WE WILL
(04:07 / All) maxinvasion: rofl fucking joke
(04:20 / All) Sage714: YUP BYE
(04:32 / Allies) 9235895289296: stay
(04:36 / Allies) 9235895289296: purp whispered me
(04:37 / Allies) Warriar: nha
(04:38 / Allies) 9235895289296: he is tking
(04:39 / Allies) Warriar: we lost
(04:41 / Allies) 9235895289296: since his team has a hacker
(04:42 / Allies) Warriar: u fukin off
(04:43 / Allies) 9235895289296: they have a tke
(04:55 / Allies) 9235895289296: they have a tk dude
(04:56 / Allies) Warriar: gg
(04:56 / Allies) 9235895289296: we are good
(04:59 / All) RTSTUPIDTEAM: green is a grade-a scumbag
(05:02 / All) RTSTUPIDTEAM: maphack, loadhack
(05:04 / All) RTSTUPIDTEAM: probably drophack
(05:06 / All) RTSTUPIDTEAM: faggot
(05:06 / Allies) Warriar: for all i know ur a tk
(05:11 / Allies) Warriar: u were lvl 1 we lost
(05:17 / Allies) 9235895289296: I'm not
(05:18 / Allies) Warriar: u arent helpin just fukin off
(05:20 / Allies) Warriar: gg
(05:24 / Allies) 9235895289296: I'm expoing
(05:27 / Allies) 9235895289296: and gonna help the tker
(05:28 / Allies) Warriar: gg
(05:29 / Allies) 9235895289296: who has whispered me
(05:46 / Allies) 9235895289296: gonna hit once I get lvl 3
(05:49 / Allies) Warriar: gg
(05:52 / Allies) Warriar: its a loss
(05:56 / Allies) Warriar: dont know u so we lose
(06:03 / Allies) 9235895289296: lol
(08:55 / All) Sage714: U OK YELLOW
(11:28 / All) 9235895289296: teal tk lol
(12:01 / Allies) Warriar: ur bsin naywaywe lost
(12:12 / Allies) 9235895289296: you are the only one who has bsed fucker
(12:15 / Allies) Warriar: stioll no units
(12:20 / Allies) Warriar: 35 food
(12:26 / Allies) Warriar: u have nothin and we down 2
(12:27 / All) Sage714: PINK COME AND GET ME
(12:31 / Allies) 9235895289296: because purp is tking you idiot
(12:33 / Allies) 9235895289296: and you won't listen
(12:37 / Allies) 9235895289296: he told me to tower
(12:42 / Allies) Warriar: bullshit
(12:52 / Allies) Warriar: are u brand new
(12:54 / All) 9235895289296: Purp are you tking me
(12:57 / Allies) Warriar: they always say that
(12:57 / All) 9235895289296: and telling me to tower
(13:00 / All) 9235895289296: this fag won't believe me
(13:11 / All) Sage714: WHAT???
(13:32 / All) Sage714: WHY WOULD U DO THAT
(14:23 / Allies) Warriar: see no tk
(14:26 / Allies) Warriar: ur fuill of shit
(14:52 / Allies) Warriar: no tk
(15:13 / Allies) 9235895289296: see?
(15:21 / Allies) Warriar: thye are still alive idiot
(15:26 / Allies) Warriar: he isnt sbin
(15:42 / Allies) 9235895289296: jesus you are an unreasonable faggot just leave if you want to be such a little bitch\
(16:50 / All) 9235895289296: eat shit hacker
(16:54 / All) yuieriuyeriueru: get mad
(19:13 / Allies) 9235895289296: are you green
(19:35 / Allies) 9235895289296: Purp says green said that he is teal
(21:00 / Allies) 9235895289296: are you green?
(22:32 / All) 9235895289296: teal isn't denying that he is green
(22:52 / All) Sage714: THERES 1 PERSON PLAYING 2?
(23:00 / All) Sage714: HOW DO THEY DO THAT
(23:40 / All) Sage714: WHAT ARE THE CHANCES TO FIND A GAME AND YOU HAVE 2 GAMES IN 1
(24:01 / Allies) 9235895289296: wanna hardball me, hacker trash?
(25:43 / All) Sage714: OH LOL
(26:02 / All) Warriar: ya i knew he was bser
(26:08 / All) Warriar: the way he p[lauyed
(26:20 / All) 9235895289296: you wouldn't deny you were green
(26:21 / All) 9235895289296: so you had to go
(26:23 / All) Warriar: its loss like i figured
(26:39 / All) 9235895289296: It's your own fault if you weren't him for not denying it
(26:45 / All) 9235895289296: and also for being a huge fruit
(26:47 / All) Warriar: fuk off
(26:48 / All) 9235895289296: fucking faggot
(26:50 / All) Warriar: trash
(26:55 / All) Warriar: omly way u can lose
(28:18 / All) 9235895289296: Teal why wouldn't you deny you were green
(28:20 / All) 9235895289296: or are you him?
(28:47 / All) Sage714: WTF IS GOING ON LOL
(28:56 / All) Warriar: thye buddys
(29:03 / All) Warriar: porlly fags from russia
(29:04 / All) Sage714: LOL OK
(29:06 / All) Warriar: seen it before
(29:20 / All) RTSTUPIDTEAM: FOR THE GREAT GLORY OF MOTHER RUSSIA
(29:25 / All) Sage714: LOL HOW RANDOM TO BE IN THE SAME GAME
(29:27 / All) Warriar: thye hijack game
(29:36 / All) Warriar: at nite nobody plays
(29:59 / All) 9235895289296: ever hear of ell?
(30:01 / All) Sage714: TOO BAD PURPLE IS NOT GOOD ENOUSH TO BEEAT PINK
(30:04 / All) 9235895289296: we're both level 1 and have identical ell
(30:18 / All) Warriar: nah pupr is muych beteer then pink
(30:27 / All) Warriar: u seen that when they went at each other
(30:33 / All) Warriar: pink pussied out fast
(30:33 / All) 9235895289296: I was giving away wyverns lol
(30:36 / All) 9235895289296: for his level 6
(30:40 / All) Warriar: uhuh im sure
(30:43 / All) 9235895289296: you are too retarded to realise
(30:46 / All) Sage714: BUT PURPLE IS ONLY 60 FOOD
(30:53 / All) Warriar: hahahah bro i seen at 1st
(30:57 / All) Warriar: remember i said gfg
(31:04 / All) Warriar: u were bser i seen at start
(31:05 / All) Sage714: PINK WAS KILLING U TEAL
(31:12 / All) Warriar: ur build is giveaway
(31:30 / All) Warriar: nah i would have ran over pink but purp hit too
(31:34 / All) Sage714: PURPLE HAS 7K GOLD. DOESNT WANT TO BUILD
(31:38 / All) 9235895289296: I was raping you lol
(31:43 / All) 9235895289296: but I was waiting for backup
(31:45 / All) 9235895289296: so I didn't go all out
(31:52 / All) Warriar: i would have run over pink
(31:54 / All) Warriar: easily
(31:55 / All) 9235895289296: just wanted you defending your base
(31:57 / All) 9235895289296: in spot to get raped
(32:01 / All) Warriar: thats why he waited for purp
(32:17 / All) Warriar: he can say whatever but he knew
(32:21 / All) Warriar: he needed purp
(32:30 / All) Warriar: watch purp will wipe him
(32:55 / All) Sage714: WE SHALL SEE
(33:00 / All) Warriar: bet
(33:07 / All) Warriar: its fag russians
(33:09 / All) Sage714: WYVS CAN GET DESTROYS
(33:10 / All) Warriar: seen it before
(33:24 / All) Sage714: AND BATS CAN BLOW AIR UP BUT PINK DOESNT HAVE ANY BATS
(33:28 / All) Warriar: they hijack game then try to make everybody leave
(33:47 / All) Warriar: pink suicidin he knows purp will do him
(33:53 / All) 9235895289296: Nah
(33:56 / All) 9235895289296: It's called a mexican standoff
(33:57 / All) Warriar: ya
(34:02 / All) Warriar: hahahaha uhuuh
(34:04 / All) Sage714: PINK KNOWS. HES HEADING BACK
(34:08 / All) Warriar: dude we seen purp has u easy
(34:54 / All) Sage714: PURLE HAS PINK
(35:06 / All) Warriar: they buttbuddys
(35:16 / All) Warriar: but pupr pitches and pink catches
(35:44 / All) Warriar: i knew from the build he was bser
(35:49 / All) Sage714: THEY ALL KNOW EACH OTHER HMMM
(35:57 / All) Warriar: too many towers not enuff units
(36:10 / All) Warriar: bet green is in on it too
(36:14 / All) yoloatme: well i'm bored by niggas
(36:14 / All) Warriar: 3 lvl 1s
(36:41 / All) Sage714: U GET THE WIN TEAL
(36:49 / All) Warriar: nah
(36:56 / All) Warriar: pupr will wipe him watch
(37:10 / All) Sage714: PURLE IS KILLIING HIS OWN BASE
(37:15 / All) Sage714: SO U GET THE WIN LOL
(37:20 / All) Warriar: pink already did
(37:30 / All) Warriar: he is capped
(37:39 / All) Sage714: PURPLE IS TK HIMSELF
(37:52 / All) Warriar: see told ya
(37:53 / All) 9235895289296: Told you, idiots
(37:57 / All) Warriar: puipr has him easy
(38:06 / All) Sage714: YEA WITH HAWKS
(38:39 / All) Sage714: BUT U WIN. HES KILLING THE BASES
(38:42 / All) Warriar: told ya pupr pitches and pink always catches
(38:48 / All) Warriar: nah pink is dead
(39:03 / All) 9235895289296: You sound like you know a lot of gay slang faggot
(39:03 / All) Warriar: he cant make units and he has no peons
(39:27 / All) Sage714: HE HAS 2 EXPOS UP TOP
(39:29 / All) Warriar: hahahah bro no one gayer then nu in here thats fact
(39:35 / All) Sage714: ON TH HIGHER SECTION
(40:06 / All) Sage714: LOL SUICIDE
(40:13 / All) Warriar: told ya
(40:16 / All) Warriar: pink take it
(40:16 / All) Sage714: TOWERS KILLED HIM
(40:20 / All) Warriar: hes the bitch
(40:54 / All) Sage714: SEE U GUYS WIN
(41:01 / All) Warriar: bro tellin u
(41:01 / All) Sage714: WE HAVE NO TOWNHALLS
(41:05 / All) Warriar: pink has nothin
(41:10 / All) Warriar: pink has nothin
(41:15 / All) Sage714: NO TOWNHALLS ON OUR SIDE
(41:18 / All) Warriar: hes caped
(41:22 / All) Sage714: BUT DO U HAVE TOWN HALLS
(41:27 / All) Warriar: no
(41:32 / All) Warriar: towers
(41:41 / All) Warriar: nothin but buildings and towers
(41:41 / All) Sage714: WE HAVE NO TOWN HALLS NO UNITS
(41:49 / All) Warriar: still has his bm but he has bnoithin else
(42:02 / All) Sage714: WTF SO BOTH SIDES HAVE NO TOWN HALLS
(42:13 / All) Sage714: 30 SECONDS
(42:16 / All) Warriar: pink vcan make no units
(42:20 / All) Warriar: he has no food
(42:26 / All) Sage714: 20 SECONDS
(42:28 / All) Warriar: its jutys buildings and towers
(42:35 / All) 9235895289296: gl
(42:39 / All) 9235895289296: have fun bitches
(42:41 / All) Sage714: BYE]